 Dungeon Crawl Stone Soup version 0.23-a0-405-g368ce00 (webtiles) character file.

98 MisterFreud the Sneak (level 4, -3/31 HPs)
             Began as an Octopode Monk on Nov 6, 2018.
             Slain by Grinder (6 damage)
             ... on level 3 of the Dungeon.
             The game lasted 00:03:23 (1788 turns).

MisterFreud the Sneak (Octopode Monk)               Turns: 1788, Time: 00:03:24

Health: -3/31      AC:  1    Str: 10    XL:     4   Next: 69%
Magic:  4/4        EV: 15    Int: 13    God:
Gold:   96         SH:  0    Dex: 14    Spells: 3/3 levels left

rFire    . . .     SeeInvis .   a - +1 falchion
rCold    . . .     Gourm    .   (no shield)
rNeg     . . .     Faith    .   (helmet restricted)
rPois    .         Spirit   .   (no amulet)
rElec    .         Reflect  .   (no ring)
rCorr    .         Harm     .   (no ring)
MR       .....                  (no ring)
Stlth    ++++......             (no ring)
HPRegen  0.10/turn              (no ring)
MPRegen  0.09/turn              (no ring)
                                (no ring)
                                (no ring)

@: no status effects
A: almost no armour, stealthy swim, amphibious, 8 rings, constrict 8, camouflage
1, gelatinous body 1
a: no special abilities


You were on level 3 of the Dungeon.
You were hungry.

You visited 1 branch of the dungeon, and saw 3 of its levels.

You collected 96 gold pieces.

Inventory:

Hand Weapons
 a - a +1 falchion (weapon)
Missiles
 f - 22 arrows
 h - 4 curare-tipped needles
 j - 28 stones (quivered)
Potions
 c - a potion of brilliance {unknown}
 d - a potion of curing {unknown}
 i - a potion of magic {unknown}
 k - a potion of degeneration {unknown}
 l - a potion of heal wounds {unknown}
 n - a potion of berserk rage {unknown}
Comestibles
 b - 5 rations


   Skills:
 - Level 3.0 Fighting
 - Level 3.0 Long Blades
 + Level 3.6 Dodging
 - Level 6.1 Stealth


You had 3 spell levels left.
You didn't know any spells.
Your spell library was empty.

Dungeon Overview and Level Annotations

Branches:
Dungeon (3/15)

Altars:
Makhleb
Nemelex Xobeh
Ru

Annotations:
D:3 Grinder


Innate Abilities, Weirdness & Mutations

You cannot wear most types of armour.
You are very stealthy in the water. (Stealth+)
You are amphibious.
You can wear up to eight rings at the same time.
You can use your tentacles to constrict eight enemies at once.
Your skin changes colour to match your surroundings (Stealth+).
Your rubbery body absorbs attacks. (AC +1, EV +1)


Message History

A rat comes into view.
Grinder blinks!
Found a ration.
Found a whip.
Grinder drinks a potion.
Grinder seems to grow stronger.
You barely miss Grinder. You grab Grinder. You constrict Grinder.
An adder comes into view.
Grinder hits you.
You writhe in agony.
The adder hisses angrily.
You hit Grinder.
Grinder is lightly wounded.
You constrict Grinder. Grinder hits you.
You writhe in agony.
You hit Grinder but do no damage. You squeeze Grinder.
Grinder is moderately wounded.
You constrict Grinder. Grinder barely misses you.
You riposte.
You hit Grinder.
Grinder is heavily wounded.
Grinder hits you!
* * * LOW HITPOINT WARNING * * *
You writhe in agony.
You die...

.#.. ......... ......#..
......#..## ...S... ..#
####.# ....... #.##.....
.......##....#
...?..5.....#
.....#@....## ..%
#r##...##
........##.#..####
.......##........#####..
).....# #....###.......#
##..## #..........#####
#.# #....#####.##### #..
###### ##...... #.
####....#..


You could see Grinder, an adder and a rat.

Vanquished Creatures
  2 adders
  A gnoll (D:2)
  2 worms (D:2)
  3 dart slugs (D:1)
  3 leopard geckos
  3 giant cockroaches
  8 goblins
  8 hobgoblins
  6 jackals
  4 bats (D:1)
  2 frilled lizards (D:1)
  4 kobolds
  4 rats (D:1)
50 creatures vanquished.

Notes
Turn   | Place    | Note
-------+----------+-------------------------------------------
     0 | D:1      | MisterFreud the Octopode Monk began the quest for the Orb.
     0 | D:1      | Reached XP level 1. HP: 16/16 MP: 1/1
    19 | D:1      | Reached skill level 3 in Stealth
    29 | D:1      | Reached XP level 2. HP: 13/21 MP: 2/2
    35 | D:1      | Reached skill level 4 in Stealth
   230 | D:1      | Reached XP level 3. HP: 26/26 MP: 3/3
   251 | D:1      | Reached skill level 5 in Stealth
   842 | D:2      | Found a sparkling altar of Nemelex Xobeh.
   879 | D:2      | Reached skill level 6 in Stealth
   879 | D:2      | Reached XP level 4. HP: 4/31 MP: 4/4
  1374 | D:2      | Found a sacrificial altar of Ru.
  1695 | D:3      | Found a burning altar of Makhleb.
  1778 | D:3      | Noticed Grinder
  1788 | D:3      | Slain by Grinder

Vault maps used:
D:1:      ebering_trefoil_twist, minmay_misc_feat_tower, fountainhead
D:2:      overflow_temple_1_default, tso_altar, nicolae_ru_sacrificial_ziggurat,
          first_ration
D:3:      overflow_temple_1_default, lemuel_round_altar,
          lemuel_coloured_pillars_altar, uniq_grinder

Skill      XL: |  1  2  3 |
---------------+----------+-----
Stealth        | 3 4 6 |  6.1
Fighting       | |  3.0
Long Blades    | |  3.0
Dodging        | |  3.6

Action                   |  1- 3 |  4- 6 || total
-------------------------+-------+-------++-------
Melee: Falchion          |    60 |    25 ||    85
       Constrict         |    26 |    10 ||    36
       Tentacles         |    19 |     4 ||    23
  Use: Scroll            |       |     3 ||     3
 Stab: Sleeping          |     8 |     3 ||    11
       Distracted        |     1 |       ||     1
  Eat: Chunk             |       |     2 ||     2
Armor: Skin              |     2 |     1 ||     3
Dodge: Dodged            |    36 |    18 ||    54
       Rpst.: Falchion   |    13 |    11 ||    24

Table legend:
 A = Non-vault XP
 B = Vault XP
 C = Vault XP percentage of total XP
 D = Non-vault monster count
 E = Vault monster count
 F = Vault count percentage of total count
                 A         B        C        D         E       F
            +---------+---------+-------+---------+---------+-------
      Total |     140 |       0 |   0.0 |      50 |       0 |   0.0
            +---------+---------+-------+---------+---------+-------
        D:1 |      64 |       0 |   0.0 |      33 |       0 |   0.0
        D:2 |      63 |       0 |   0.0 |      16 |       0 |   0.0
        D:3 |      13 |       0 |   0.0 |       1 |       0 |   0.0
            +---------+---------+-------+---------+---------+-------
